 Dungeon Crawl Stone Soup version 0.28.0-43-g3370ac3207 (webtiles) character file.

Game seed: 2492003878033158306

13533 pkoi the Cleaver (level 11, -1/101 HPs)
             Began as a Minotaur Gladiator on Mar 18, 2022.
             Was an Elder of the Shining One.
             Slain by a nine-headed hydra (4 damage)
             ... on level 1 of the Lair of Beasts.
             The game lasted 00:12:10 (10561 turns).

pkoi the Cleaver (Minotaur Gladiator)              Turns: 10561, Time: 00:12:11

Health: -1/101     AC: 18    Str: 24    XL:     11   Next: 76%
Magic:  1/3        EV: 10    Int:  5    God:    the Shining One [****..]
Gold:   553        SH:  7    Dex: 11    Spells: 10/10 levels left

rFire   + . .      SeeInvis .   a - +3 battleaxe (antimagic)
rCold   . . .      Faith    .   (shield currently unavailable)
rNeg    + + .      Spirit   .   w - +0 chain mail
rPois   .          Reflect  .   c - +0 hat
rElec   .          Harm     .   y - scarf {repulsion}
rCorr   .          Rampage  .   v - +1 pair of gloves
Will    .....                   (no boots)
Stlth   ..........              l - amulet of regeneration
HPRegen 1.06/turn               j - +4 ring of protection
MPRegen 0.08/turn               s - ring of protection from fire

@: divinely shielded, glowing, repel missiles
A: horns 2, retaliatory headbutt
a: Renounce Religion, Divine Shield, Cleansing Flame


You were on level 1 of the Lair of Beasts.
You worshipped the Shining One.
The Shining One was greatly pleased with you.
You visited 3 branches of the dungeon, and saw 12 of its levels.
You also visited: Sewer.

You collected 553 gold pieces.

Inventory:

Hand Weapons
 a - a +3 antimagic battleaxe (weapon)
 b - a +0 shortbow
 n - a +0 war axe
Missiles
 d - 6 throwing nets (quivered)
 q - 143 arrows
Armour
 c - a +0 hat (worn)
 v - a +1 pair of gloves (worn)
 w - a +0 chain mail (worn)
 y - a scarf of repulsion (worn)
Jewellery
 j - a +4 ring of protection (left hand)
 l - an amulet of regeneration (around neck)
 s - a ring of protection from fire (right hand)
 t - an amulet of the acrobat
 F - an amulet of faith
 G - a ring of willpower
Wands
 o - a wand of digging (5)
 u - a wand of polymorph (12)
 D - a wand of iceblast (5)
 H - a wand of mindburst (1)
Scrolls
 e - 2 scrolls of enchant weapon
 f - 2 scrolls of enchant armour
 h - 4 scrolls of teleportation
 i - 9 scrolls of identify
 m - 3 scrolls of magic mapping
 p - a scroll of fog
 x - 2 scrolls of noise {unknown}
Potions
 g - 2 potions of heal wounds
 k - a potion of magic
 r - a potion of resistance
 z - 3 potions of attraction
 B - a potion of mutation {unknown}
 E - a potion of flight {unknown}


   Skills:
 + Level 10.9 Fighting
 + Level 12.2 Axes
 + Level 4.2 Bows
 - Level 2.0 Throwing
 + Level 10.6 Armour
 + Level 6.4 Dodging
 - Level 2.0 Invocations
 + Level 7.3 Evocations


You had 10 spell levels left.
You didn't know any spells.
Your spell library contained the following spells:

 Spells                   Type           Power      Damage    Failure   Level
 Ensorcelled Hibernation  Hex/Ice        0%         N/A       99%         2
 Passwall                 Tmut/Erth      0%         N/A       99%         2
 Static Discharge         Conj/Air       0%         N/A       99%         2
 Swiftness                Air            0%         N/A       100%        3
 Animate Dead             Necr           0%         N/A       100%        4
 Dispel Undead            Necr           0%         3d6       100%        4
 Sticky Flame             Conj/Fire      0%         2d3       100%        4
 Borgnjor's Vile Clutch   Necr/Erth      0%         N/A       100%        5
 Fireball                 Conj/Fire      0%         3d3       100%        5
 Iskenderun's Battlesphe  Conj           0%         2d6       100%        5
 Conjure Ball Lightning   Conj/Air       0%         3x3d6     100%        6
 Death Channel            Necr           0%         N/A       100%        6
 Orb of Destruction       Conj           0%         9d5       100%        7


Dungeon Overview and Level Annotations

Branches:
Dungeon (10/15)            Temple (1/1) D:4            Lair (1/6) D:10
    Orc (0/2) D:9           Sewer (visited)

Altars:
Ashenzari
Cheibriados
Dithmenos
Elyvilon
Fedhas
Gozag
Hepliaklqana
Kikubaaqudgha
Makhleb
Nemelex Xobeh
Okawaru
Qazlal
Ru
Sif Muna
Trog
Uskayaw
Vehumet
Wu Jian
Xom
Yredelemnul
Zin
The Shining One

Annotations:
D:4 2 runed translucent doors, experimilk's ghost, amateur PaFi
D:6 2 transporters, Menkaure
Lair:1 exclusion: oklob plant


Innate Abilities, Weirdness & Mutations

You have a pair of horns on your head.
You reflexively headbutt those who attack you in melee.


Message History

The five-headed hydra looks frightened!
The nine-headed hydra looks frightened!
The oklob plant spits acid at you.
The splash of acid hits you but does no damage.
The nine-headed hydra seems to regain its courage.
The oklob plant spits acid at you. The splash of acid hits you!
* * * LOW HITPOINT WARNING * * *
The oklob plant spits acid at you. The splash of acid hits you.
* * * LOW HITPOINT WARNING * * *
The oklob plant spits acid at you. The splash of acid misses you.
The oklob plant spits acid at you. The splash of acid misses you.
Aiming: Polymorph
Press: ? - help, Shift-Dir - straight line, f - nine-headed hydra
Aim: a nine-headed hydra (lightly wounded, haloed, will become a great orb of eyes, a goliath frog, or an alligator, chance to affect: 31%)
Okay, then.
Unknown command.
Aiming: Iceblast
Press: ? - help, Shift-Dir - straight line, f - nine-headed hydra
Aim: a nine-headed hydra (lightly wounded, haloed)
The mass of ice explodes!
The iceblast engulfs the nine-headed hydra!!
The nine-headed hydra is severely wounded.
The iceblast engulfs the plant!!
The plant begins to die.
The plant is lightly damaged.
Aiming: Mindburst
Press: ? - help, Shift-Dir - straight line, f/p - nine-headed hydra
Aim: a nine-headed hydra (heavily wounded, haloed, chance to affect: 57%)
The nine-headed hydra resists with significant effort.
The nine-headed hydra bites you.
* * * LOW HITPOINT WARNING * * *
The nine-headed hydra barely misses you.
The nine-headed hydra bites you but does no damage. x2
The nine-headed hydra barely misses you.
The nine-headed hydra bites you!
* * * LOW HITPOINT WARNING * * *
The nine-headed hydra bites you.
You die...

..... .....#
......
#.....# ..
.....#### ..#
#......# ..#
#......## ..#
#..@...##..#
##.D.......#
##.......##
#P....<...#
##.......##
##.......#
####........#
#...........#
#.##.....†..#


You could see a nine-headed hydra.

Vanquished Creatures
  Snorg (D:10)
  Harold (D:7)
  9 death yaks
  Pikel (D:8)
  A cyclops (D:10)
  An unseen horror (D:9)
  3 wyverns
  A shadow (D:9)
  6 yaks (D:10)
  Eustachio (D:5)
  3 steam dragons
  A two-headed ogre zombie (D:9)
  An acid dragon (D:8)
  4 water moccasins
  Pargi (Sewer)
  3 orc warriors
  2 ice beasts
  3 sky beasts
  2 ogres (D:5)
  A black bear (D:6)
  2 necrophages
  A phantom (D:9)
  3 centaurs
  3 bullfrogs
  A water moccasin zombie (D:5)
  A troll zombie (D:9)
  6 killer bees (D:6)
  5 wights (D:10)
  3 bullfrog zombies
  5 howler monkeys
  3 centaur zombies
  4 orc priests
  Jessica (D:2)
  A bullfrog skeleton (D:6)
  7 orc wizards
  2 iguanas
  6 ogre zombies (D:9)
  A hound skeleton (D:4)
  A mummy (D:4)
  7 adders
  4 gnolls (D:4)
  2 white imps (D:5)
  3 dart slugs
  20 orcs
  4 ball pythons
  3 endoplasms
  10 giant cockroaches
  3 goblins
  6 hobgoblins
  7 jackals
  7 quokkas
  2 bats
  12 frilled lizards
  A goblin skeleton (D:9)
  3 goblin zombies (D:9)
  4 hobgoblin zombies (D:9)
  5 kobolds
  3 orc skeletons (D:9)
  14 orc zombies (D:9)
  3 rats
225 creatures vanquished.

Vanquished Creatures (others)
  9 plants
9 creatures vanquished.

Grand Total: 234 creatures vanquished

Notes
Turn   | Place    | Note
-------+----------+-------------------------------------------
     0 | D:1      | pkoi the Minotaur Gladiator began the quest for the Orb.
     0 | D:1      | Reached XP level 1. HP: 18/18 MP: 0/0
   152 | D:1      | Reached skill level 4 in Axes
   152 | D:1      | Reached XP level 2. HP: 23/25 MP: 1/1
   281 | D:1      | Reached skill level 1 in Armour
   436 | D:1      | Found a faded altar of an unknown god.
  1149 | D:2      | Reached XP level 3. HP: 31/31 MP: 2/2
  1184 | D:2      | Found a glowing golden altar of the Shining One.
  1199 | D:2      | Became a worshipper of the Shining One
  1534 | D:2      | Noticed Jessica
  1542 | D:2      | Killed Jessica
  1543 | D:2      | Reached skill level 5 in Axes
  1543 | D:2      | Reached XP level 4. HP: 36/38 MP: 3/3
  1958 | D:3      | Found a large runed translucent door.
  1959 | D:3      | Found a large runed translucent door.
  1968 | D:3      | Found a shimmering blue altar of Sif Muna.
  1981 | D:3      | Found a hide-covered altar of Uskayaw.
  2201 | D:4      | Found a staircase to the Ecumenical Temple.
  2219 | Temple   | Entered the Ecumenical Temple
  2411 | D:4      | Found a bloodstained altar of Trog.
  2486 | D:4      | Reached XP level 5. HP: 22/46 MP: 4/4
  2748 | D:4      | Found a snail-covered altar of Cheibriados.
  3006 | D:4      | Noticed a necrophage
  3007 | D:4      | Found a runed translucent door.
  3010 | D:4      | Killed a necrophage
  3011 | D:4      | Reached skill level 6 in Axes
  3115 | D:4      | Noticed experimilk's ghost (amateur PaFi)
  3186 | D:4      | Reached XP level 6. HP: 48/52 MP: 5/5
  3215 | D:4      | Reached * piety under the Shining One
  3292 | D:4      | Found a runed translucent door.
  3523 | D:5      | Entered Level 5 of the Dungeon
  3523 | D:5      | Noticed a sky beast
  3527 | D:5      | Identified a scroll of acquirement
  3527 | D:5      | Acquired a +2 antimagic battleaxe
  3583 | D:5      | Killed a sky beast
  3584 | D:5      | Reached skill level 7 in Axes
  3584 | D:5      | Reached skill level 1 in Invocations
  3629 | D:5      | Reached XP level 7. HP: 60/60 MP: 1/7
  3659 | D:5      | Reached skill level 5 in Fighting
  3817 | D:5      | Noticed Eustachio
  3822 | D:5      | Killed Eustachio
  4264 | D:5      | Reached skill level 1 in Evocations
  4273 | D:5      | Reached skill level 8 in Axes
  4372 | D:5      | Noticed a steam dragon
  4374 | D:5      | Killed a steam dragon
  4375 | D:5      | Reached skill level 5 in Armour
  4375 | D:5      | Reached XP level 8. HP: 65/70 MP: 2/8
  5003 | D:6      | Reached skill level 9 in Axes
  5034 | D:6      | Found a glowing drain.
  5047 | Sewer    | Entered a sewer
  5079 | Sewer    | Noticed Pargi
  5086 | Sewer    | Killed Pargi
  5351 | D:6      | Found a basalt altar of Yredelemnul.
  5354 | D:6      | Noticed Menkaure
  5354 | D:6      | Reached ** piety under the Shining One
  5357 | D:6      | Found a transporter.
  5366 | D:6      | Reached XP level 9. HP: 79/79 MP: 3/9
  5472 | D:6      | Found an ancient bone altar of Kikubaaqudgha.
  5475 | D:6      | Found a transporter.
  6170 | D:7      | Found a broken altar of Ashenzari.
  6214 | D:7      | Noticed Harold
  6225 | D:7      | Killed Harold
  6226 | D:7      | Reached skill level 10 in Axes
  6432 | D:7      | Noticed a four-headed hydra
  6433 | D:7      | Noticed a cyan ugly thing
  6985 | D:8      | Reached skill level 5 in Evocations
  7268 | D:8      | Reached XP level 10. HP: 87/90 MP: 3/10
  7273 | D:8      | Noticed Pikel
  7281 | D:8      | Killed Pikel
  7349 | D:8      | Found a glowing golden altar of the Shining One.
  7415 | D:8      | Found a blossoming altar of Fedhas.
  7566 | D:8      | Found an ornate altar of the Wu Jian Council.
  7814 | D:9      | Reached *** piety under the Shining One
  7830 | D:9      | Found a staircase to the Orcish Mines.
  7831 | D:9      | Reached **** piety under the Shining One
  7867 | D:9      | Reached skill level 11 in Axes
  8010 | D:9      | Reached ***** piety under the Shining One
  8429 | D:10     | Entered Level 10 of the Dungeon
  8429 | D:10     | Noticed a death yak
  8429 | D:10     | Noticed a death yak
  8429 | D:10     | Found a staircase to the Lair.
  8429 | D:10     | Found a radiant altar of Vehumet.
  8431 | D:10     | Noticed a death yak
  8432 | D:10     | Noticed a death yak
  8432 | D:10     | Noticed a death yak
  8432 | D:10     | Noticed a death yak
  8433 | D:10     | Noticed a death yak
  8505 | D:10     | Noticed a death yak
  8505 | D:10     | Noticed a death yak
  8514 | D:9      | Killed a death yak
  8918 | D:9      | Killed a death yak
  8919 | D:9      | Reached skill level 10 in Fighting
  8919 | D:9      | Reached skill level 1 in Bows
  9112 | D:10     | Found a sacrificial altar of Ru.
  9155 | D:9      | Killed a death yak
  9156 | D:9      | Reached skill level 5 in Dodging
  9156 | D:9      | Reached XP level 11. HP: 54/99 MP: 0/11
  9206 | D:10     | Killed a death yak
  9207 | D:10     | Reached skill level 10 in Armour
  9499 | D:10     | Noticed Snorg
  9512 | D:10     | Killed Snorg
  9780 | D:10     | Killed a death yak
  9788 | D:10     | Killed a death yak
  9788 | D:10     | Killed a death yak
  9789 | D:10     | Reached skill level 12 in Axes
 10094 | D:9      | Killed a death yak
 10380 | D:10     | Killed a death yak
 10484 | D:10     | Found a shimmering altar of Xom.
 10536 | Lair:1   | Entered Level 1 of the Lair of Beasts
 10536 | Lair:1   | Noticed an oklob plant
 10536 | Lair:1   | Found the +1 robe of Vines {NoPotionHeal Regen++++}
 10540 | Lair:1   | Noticed a five-headed hydra
 10550 | Lair:1   | Noticed a five-headed hydra
 10561 | Lair:1   | HP: 3/101 [nine-headed hydra (12)]
 10561 | Lair:1   | Slain by a nine-headed hydra

Illustrated notes

Levels and vault maps discovered:
D:1:      lemuel_arrival_river_passageway, layout_basic,
          hellmonk_ecumenical_altar_zigzags
D:2:      layout_loops_ring, basic_altar, minmay_lizard_king, uniq_jessica
D:3:      layout_basic, jmf_multi_god_temple2, minmay_liquid_box
D:4:      layout_loops_ring, slow_altar_1, trog_book, minmay_temple_entry_waves,
          ebering_ghost_sewer_f
D:5:      layout_gridville, minmay_misc_feat_chi, uniq_eustachio
D:6:      layout_loops_corners, gammafunk_temple_of_torment,
          gup_sewer_entry_pipe, hex_medium
D:7:      layout_loops_cross, nicolae_overflow_hidden_temple,
          minmay_misc_feat_room, lightli_corner_chamber, uniq_menkaure,
          uniq_harold
D:8:      layout_rooms, lemuel_tele_altar, nicolae_tso_swordbearing_angel,
          nzn_wu_jian_council_hall, uniq_pikel
D:9:      layout_basic, zombieorc2_lemuel
D:10:     layout_gridville, xom_butterflies, mainiacjoe_overflow_brackets,
          nicolae_ru_path_of_blood, dpeg_lair_monsters, uniq_snorg
Temple:   compressed_dpeg_triangle_lava_temple
Lair:1:   layout_cave_pods, nicolae_lair_grove_arrangements,
          hellmonk_guarded_unrand_vines, uniq_prince_ribbit2

Skill      XL: |  1  2  3  4  5  6  7  8  9 10 11 |
---------------+----------------------------------+-----
Axes           | 4 5 6 7 8 9 10 11 12 | 12.2
Armour         | 1 2 3 4 5 6 8 9 10 | 10.6
Fighting       | 3 4 5 7 8 10 | 10.9
Invocations    | 1 2 |  2.0
Evocations     | 1 3 5 6 7 |  7.3
Dodging        | 5 6 |  6.4
Bows           | 1 4 |  4.2
Throwing       | |  2.0

Action                   |  1- 3 |  4- 6 |  7- 9 | 10-12 || total
-------------------------+-------+-------+-------+-------++-------
Melee: War axe           |    50 |    94 |       |       ||   144
       Headbutt          |     6 |    23 |    30 |    51 ||   110
       Punch             |       |     1 |       |       ||     1
       Battleaxe         |       |     7 |   146 |   187 ||   340
 Fire: Shortbow          |       |       |       |    47 ||    47
Invok: Divine Shield     |       |       |       |     8 ||     8
Evoke: Wand              |       |       |       |     2 ||     2
  Use: Scroll            |       |     4 |    11 |     3 ||    18
       Potion            |       |       |     4 |       ||     4
Armor: Leather armour    |     8 |    27 |     2 |       ||    37
       Chain mail        |       |       |   110 |   138 ||   248
       Skin              |       |       |     9 |       ||     9
Dodge: Dodged            |    35 |    83 |    81 |    97 ||   296
       Repelled          |       |       |     1 |     1 ||     2
Block: Other             |       |       |       |    21 ||    21
